 Dungeon Crawl Stone Soup version 0.24-a0-139-geb6712d24a (webtiles) character file.

Game seed: 0

40 MrRokkomies the Unweaver (level 3, -2/29 HPs)
             Began as a Human Abyssal Knight on Mar 2, 2019.
             Was a Follower of Lugonu.
             Slain by Blork the orc
             ... wielding a +0 scimitar
              (10 damage)
             ... on level 4 of the Dungeon.
             The game lasted 00:03:28 (1062 turns).

MrRokkomies the Unweaver (Human Abyssal Knight)     Turns: 1062, Time: 00:03:28

Health: -2/29      AC:  3    Str: 16    XL:     3   Next: 72%
Magic:  5/5        EV: 11    Int: 12    God:    Lugonu [*.....]
Gold:   91         SH:  0    Dex: 12    Spells: 2/2 levels left

rFire    . . .     SeeInvis .   a - +1 falchion
rCold    . . .     Gourm    .   (no shield)
rNeg     . . .     Faith    .   b - +0 leather armour
rPois    .         Spirit   .   (no helmet)
rElec    .         Reflect  .   (no cloak)
rCorr    .         Harm     .   (no gloves)
MR       +....                  (no boots)
Stlth    +.........             (no amulet)
HPRegen  0.09/turn              i - ring of protection from magic
MPRegen  0.09/turn              e - +3 ring of strength

@: no status effects
A: no striking features
a: Depart the Abyss, Renounce Religion


You were on level 4 of the Dungeon.
You worshipped Lugonu.
Lugonu was aware of your devotion.
You were hungry.

You visited 1 branch of the dungeon, and saw 3 of its levels.
You visited the Abyss 1 time.

You collected 91 gold pieces.

Inventory:

Hand Weapons
 a - a +1 falchion (weapon)
Armour
 b - a +0 leather armour (worn)
Jewellery
 e - a +3 ring of strength (right hand)
 i - a ring of protection from magic (left hand)
Scrolls
 h - a scroll of fog {unknown}
Potions
 d - 2 potions of flight
 f - a potion of heal wounds
 g - a potion of degeneration {unknown}
 j - a potion of berserk rage {unknown}
Comestibles
 c - 3 rations


   Skills:
 - Level 3.0 Fighting
 * Level 3.0 Long Blades
 - Level 2.0 Armour
 - Level 1.0 Dodging
 * Level 3.1 Invocations


You had 2 spell levels left.
You didn't know any spells.
Your spell library was empty.

Dungeon Overview and Level Annotations

Branches:
Dungeon (2/15)

Altars:
The Shining One

Annotations:
D:4 Blork the orc


Message History

A frilled lizard comes into view.
Found a fuming emerald potion.
Found a stone staircase leading up.
The hound bites you. The ooze hits you but does no damage.
The phantom blinks!
The hound barely misses you.
You riposte.
You barely miss the hound. You closely miss something.
The ooze closely misses you.
You riposte.
You hit the ooze.
The ooze is lightly wounded.
The frilled lizard barely misses you.
You riposte.
You closely miss the frilled lizard.
You hear some strange, mumbled words.
A puff of frost appears from out of thin air!
The puff of frost hits you.
* * * LOW HITPOINT WARNING * * *
The hound barely misses you. The ooze hits you.
* * * LOW HITPOINT WARNING * * *
The hound pauses to sniff the ground.
The frilled lizard barely misses you.
You riposte.
You barely miss the frilled lizard. The hound closely misses you.
You hit something. Something hits you!
You die...

. #.#.. #.#. .. #....
#..#..... ##... .
....<..... #... ..
...#......####... ..
#.....#.....!.... #.
#.....##......#.# ...
##.#...#.......#.#
#.#.#@l............#.#
#....hJ...............
#.....................
#.....................
#................?....
#[....#.....#.........
##.#?........######...
.....#........# #...
!.##.##........# ####


You could see a hound, an ooze and a frilled lizard.

Vanquished Creatures
  An adder (D:2)
  2 dart slugs (D:1)
  6 goblins
  A hobgoblin (D:1)
  5 kobolds
  A quokka (D:4)
  7 bats
  3 frilled lizards (D:1)
26 creatures vanquished.

Notes
Turn   | Place    | Note
-------+----------+-------------------------------------------
     0 | Abyss:1  | MrRokkomies the Human Abyssal Knight began the quest for
                  | the Orb.
     0 | Abyss:1  | Reached XP level 1. HP: 18/18 MP: 2/2
     4 | Abyss:1  | Found a corrupted altar of Lugonu.
    54 | Abyss:1  | Noticed a small abomination
    63 | D:1      | Escaped the Abyss
   328 | D:1      | Reached XP level 2. HP: 22/24 MP: 3/3
   347 | D:1      | Found a glowing golden altar of the Shining One.
   472 | D:1      | Reached * piety under Lugonu
   762 | D:2      | Reached XP level 3. HP: 29/29 MP: 5/5
  1017 | D:2      | You fall through a shaft for 2 floors!
  1025 | D:4      | Noticed Blork the orc
  1055 | D:4      | Noticed a phantom
  1062 | D:4      | Slain by Blork the orc

Levels and vault maps discovered:
D:1:      evilmike_arrival_plus, layout_rooms, tso_metal_star
D:2:      layout_basic, lexackson_kobold_supper
D:4:      layout_rooms, lemuel_coloured_pillars_altar, minmay_lizard_king,
          uniq_blork_the_orc
Abyss:1

Skill      XL: |  1  2  3 |
---------------+----------+-----
Invocations    | 3 |  3.1
Long Blades    | 3 |  3.0
Fighting       | |  3.0
Armour         | |  2.0
Dodging        | |  1.0

Action                   || total
-------------------------++-------
Melee: Falchion          ||    70
Invok: Depart the Abyss  ||     1
  Use: Scroll            ||     5
Armor: Leather armour    ||    12
Dodge: Dodged            ||    62
       Rpst.: Falchion   ||    22

Table legend:
 A = Non-vault XP
 B = Vault XP
 C = Vault XP percentage of total XP
 D = Non-vault monster count
 E = Vault monster count
 F = Vault count percentage of total count
                 A         B        C        D         E       F
            +---------+---------+-------+---------+---------+-------
      Total |      58 |       0 |   0.0 |      26 |       0 |   0.0
            +---------+---------+-------+---------+---------+-------
        D:1 |      26 |       0 |   0.0 |      15 |       0 |   0.0
        D:2 |      30 |       0 |   0.0 |      10 |       0 |   0.0
        D:4 |       2 |       0 |   0.0 |       1 |       0 |   0.0
            +---------+---------+-------+---------+---------+-------
